 Dungeon Crawl Stone Soup version 0.31-a0-152-g6aa68a64a1 (webtiles) character file.

Game seed: 2687228503388097821

88 qw the Shooter (level 4, 0/38 HPs)
             Began as a Minotaur Hunter on June 9, 2023.
             Succumbed to an adder's poison
             ... on level 3 of the Dungeon.
             The game lasted 00:00:29 (1832 turns).

qw the Shooter (Minotaur Hunter)                    Turns: 1832, Time: 00:00:30

Health: 0/38       AC:  3    Str: 15    XL:     4   Next: 30%
Magic:  3/3        EV: 12    Int:  6    God:
Gold:   79         SH:  0    Dex: 16    Spells: 3/3 levels left

rFire   . . .        Y - +0 shortbow
rCold   . . .        (shield currently unavailable)
rNeg    . . .        c - +0 leather armour
rPois   .            (helmet restricted)
rElec   .            (no cloak)
rCorr   .            (no gloves)
SInv    .            (no boots)
Will    .....        (no amulet)
Stlth   +            (no ring)
HPRegen 0.26/turn    (no ring)
MPRegen 0.08/turn

%: no passive effects
@: lethally poisoned (0 -> -16)
A: horns 2, retaliatory headbutt
a: no special abilities


You were on level 3 of the Dungeon.
You visited 1 branch of the dungeon, and saw 3 of its levels.

You collected 101 gold pieces.
You spent 22 gold pieces at shops.


Innate Abilities, Weirdness & Mutations

You have a pair of horns on your head.
You reflexively headbutt those who attack you in melee.


   Skills:
 + Level 3.5 Fighting
 - Level 6.0 Ranged Weapons
 - Level 2.1 Dodging
 - Level 0.7 Stealth


You had 3 spell levels left.
You didn't know any spells.
Your spell library was empty.

Inventory:

Hand Weapons
 Y - a +0 shortbow (weapon)
Armour
 c - a +0 leather armour (worn)
Scrolls
 a - a scroll of identify
 f - 2 scrolls of enchant armour
Potions
 b - a potion of curing {unknown}
 e - a potion of magic {unknown}

Dungeon Overview and Level Annotations

Branches:
Dungeon (3/15)

Altars:
Ashenzari

Shops:
D:1 [   D:2 ?


Message History

You shoot an arrow. The gnoll shouts!
The adder hisses angrily.
The arrow hits the gnoll.
The gnoll is severely wounded.
You shoot an arrow. The arrow hits the gnoll!
You kill the gnoll!
You shoot an arrow. The arrow closely misses the adder.
The arrow hits the gnoll!
The gnoll is heavily wounded.
The adder bites you.
You are poisoned.
The adder poisons you!
You shoot an arrow. The arrow misses the adder.
The arrow closely misses the gnoll.
The arrow hits the gnoll!
The gnoll is heavily wounded.
You feel sick. The gnoll closely misses you. The adder bites you.
You shoot an arrow. The arrow closely misses the adder.
The arrow hits the gnoll but does no damage.
The gnoll is heavily wounded.
You feel sick. The adder bites you.
The gnoll hits you from afar with a +0 spear!
The adder bites you.
You are more poisoned.
The adder poisons you!
The gnoll hits you from afar with a +0 spear.
You shoot an arrow. The arrow barely misses the adder.
The arrow hits the gnoll.
The gnoll is severely wounded.
You feel sick. The adder bites you.
You are lethally poisoned!
The adder poisons you! The gnoll barely misses you.
You shoot an arrow. The arrow closely misses the adder.
The arrow hits the gnoll.
The gnoll is almost dead.
You feel very sick. The adder closely misses you. The gnoll misses you.
The adder bites you.
You are more poisoned.
The adder poisons you!
You shoot an arrow. The arrow hits the adder!
The adder is severely wounded.
You die...

#.........>..+.###.#.##.####
#............#.....#....#
#............#.########.#
#............#.# ###
#............#.#########
#............#.........##
#............##########.###
##########.### #.........#
#.@# #.#####.#+#+ ##S#
###.....


ggg #....... #.... #....... #..... #....... #...... ###.#### #....... #..
#......?. #### You could see 3 gnolls and an adder.

Vanquished Creatures
  4 gnolls
  An adder (D:2)
  A worm (D:2)
  An orc (D:3)
  A bat (D:1)
  6 endoplasms
  2 giant cockroaches (D:2)
  5 goblins
  2 jackals (D:2)
  A quokka (D:2)
  5 ball pythons
  4 kobolds
33 creatures vanquished.

Notes
Turn   | Place    | Note
-------+----------+-------------------------------------------
     0 | D:1      | qw the Minotaur Hunter began the quest for the Orb.
     0 | D:1      | Reached XP level 1. HP: 18/18 MP: 0/0
     0 | D:1      | 0 ||| qw: Version: 0.2-a-122-gbc61b45
     0 | D:1      | 0 ||| qw: Game counter: 3291
     0 | D:1      | 0 ||| qw: Always use a shield: true
     0 | D:1      | 0 ||| qw: God list: Okawaru
     0 | D:1      | 0 ||| qw: Allow faded altars: false
     0 | D:1      | 0 ||| qw: Do Orc after D:15 true
     0 | D:1      | 0 ||| qw: Do second Lair branch before Depths: true
     0 | D:1      | 0 ||| qw: Lair rune preference: random
     0 | D:1      | 0 ||| qw: Plans: Normal
     0 | D:1      | 0 ||| PLANNING D:1-11
   306 | D:1      | Found Coyh's Armour Shop.
   317 | D:1      | Reached XP level 2. HP: 17/25 MP: 1/1
   352 | D:1      | 352 ||| SHOPLISTING +0 pair of gloves (63 gold, have 13).
   352 | D:1      | 352 ||| SHOPLISTING +0 ring mail (56 gold, have 13).
   352 | D:1      | 352 ||| SHOPLISTING +3 ring mail of cold resistance (364
                  | gold, have 13).
   418 | D:1      | Reached skill level 5 in Ranged Weapons
   833 | D:1      | 833 ||| DROPPING ring of wizardry.
   834 | D:1      | 834 ||| READING scroll labelled ALECAI GU SIES.
   835 | D:1      | 835 ||| READING 3 scrolls labelled BIAXZAL MONOIR.
   836 | D:1      | 836 ||| READING scroll labelled FEGUDAEKLI.
   837 | D:1      | 837 ||| DROPPING scroll of butterflies.
   846 | D:2      | Found a faded altar of an unknown god.
   846 | D:2      | Found Puamp's Magic Scroll Shop.
   859 | D:2      | 859 ||| SHOPLISTING 2 scrolls of identify (44 gold, have
                  | 35).
   859 | D:2      | 859 ||| SHOPLISTING scroll of brand weapon (104 gold, have
                  | 35).
   859 | D:2      | 859 ||| SHOPLISTING scroll of enchant weapon (82 gold, have
                  | 35).
   859 | D:2      | 859 ||| BUYING scroll of identify (22 gold).
   859 | D:2      | Bought a scroll of identify for 22 gold pieces
   859 | D:2      | 859 ||| SHOPLISTING scroll of identify (22 gold, have 13).
   859 | D:2      | 859 ||| SHOPLISTING scroll of teleportation (33 gold, have
                  | 13).
   954 | D:2      | You fall into a shaft and drop 1 floor!
  1080 | D:3      | Reached skill level 3 in Fighting
  1086 | D:3      | 1086 ||| READING scroll labelled AKUULA UDAEMN.
  1149 | D:2      | Reached XP level 3. HP: 31/31 MP: 2/2
  1218 | D:2      | 1218 ||| Stepping ~*~*~tactically~*~*~ (outnumbered).
  1221 | D:2      | 1221 ||| Stepping ~*~*~tactically~*~*~ (outnumbered).
  1239 | D:2      | HP: 5/31 [gnoll/+0 spear (9)]
  1240 | D:2      | HP: 1/31 [gnoll/+0 spear (4)]
  1387 | D:2      | Found a broken altar of Ashenzari.
  1481 | D:2      | Reached XP level 4. HP: 38/38 MP: 3/3
  1488 | D:2      | Reached skill level 6 in Ranged Weapons
  1775 | D:2      | 1775 ||| READING scroll labelled DUNGIES YMAI.
  1830 | D:3      | HP: 9/38 [adder (3)]
  1831 | D:3      | HP: 4/38 [adder (2)]
  1832 | D:3      | Succumbed to an adder's poison

Levels and vault maps discovered:
D:1:      minmay_arrival_doors, layout_loops_corners, serial_shops, shop
D:2:      layout_basic, basic_altar, serial_shops, shop,
          ebering_ecumenical_altar_petrified
D:3:      layout_basic, amethyst_killhole

Skill      XL: |  1  2  3  4 |
---------------+-------------+-----
Ranged Weapons | 5 6 |  6.0
Fighting       | 3 |  3.5
Dodging        | |  2.1
Stealth        | |  0.7

Action                     |  1- 3 |  4- 6 || total
---------------------------+-------+-------++-------
   Fire: Shortbow          |    79 |    23 ||   102
    Use: Scroll            |     4 |     1 ||     5
 Armour: Leather armour    |     6 |       ||     6
  Dodge: Dodged            |    19 |     6 ||    25

Table legend:
 A = Non-vault XP
 B = Vault XP
 C = Vault XP percentage of total XP
 D = Non-vault monster count
 E = Vault monster count
 F = Vault count percentage of total count
                 A         B        C        D         E       F
            +---------+---------+-------+---------+---------+-------
      Total |     127 |       0 |   0.0 |      33 |       0 |   0.0
            +---------+---------+-------+---------+---------+-------
        D:1 |      15 |       0 |   0.0 |       8 |       0 |   0.0
        D:2 |      90 |       0 |   0.0 |      20 |       0 |   0.0
        D:3 |      22 |       0 |   0.0 |       5 |       0 |   0.0
            +---------+---------+-------+---------+---------+-------
